AoeStats
← varunalur2879

Fortress

508337653Analyzed
4v4 RM · 11d ago on Sep 22, 2026· 31m 9s· 8 players
Game mode
Random Map
Map size
Huge
Population
200
Speed
Normal
Resources
Standard
Victory
Conquest
Starting age
Dark Age
Ending age
Imperial Age
RankedLock teamsTeams togetherTeam positionsShared explorationLock speedFull tech treeHidden civsTurbo modeCheats
Victory
Defeat
🇲🇽 Persians · Mexico
1369
+13
🇨🇴 Wei · Colombia
1363
+14
🇮🇳 Georgians · India
1351
+14
🇨🇴 Italians · Colombia
1349
+14
1333
-14
🇲🇽 Slavs · Mexico
1318
-14
🇲🇽 Persians · Mexico
1315
-14
🇲🇽 Britons · Mexico
1287
-13
varunalur2879
8:41 Feudal Age
12:21 Castle Age
10:11 Double-Bit Axe
10:49 Scale Barding Armor
10:45 Horse Collar
13:59 Bow Saw
15:15 Heavy Plow
22:41 Wheelbarrow
22:22 Gold Mining
22:21 Loom
24:15 Hand Cart
23:51 Town Watch
26:23 Chain Barding Armor
26:14 Forging
26:21 Caravan
26:27 Stone Mining
26:50 Devotion
30:50 Imperial Age
29:55 Iron Casting
29:11 Fletching
29:46 Ballistics
29:07 Treadmill Crane
29:18 Guard Tower
30:13 Stone Shaft Mining
30:09 Town Patrol
30:52 Svan Towers
31:03 Masonry
31:04 Bodkin Arrow
32:16 Keep
Huichotzin
7:52 Feudal Age
11:57 Castle Age
10:05 Horse Collar
10:12 Double-Bit Axe
13:05 Heavy Plow
13:19 Bow Saw
20:04 Wheelbarrow
19:50 Loom
21:34 Stone Mining
21:46 Gold Mining
25:07 Imperial Age
23:20 Hand Cart
23:18 Scale Barding Armor
23:30 Forging
23:49 Husbandry
24:00 Bloodlines
24:17 Town Watch
24:53 Cavalier
26:39 Chain Barding Armor
26:55 Iron Casting
26:38 Savar
28:19 Plate Barding Armor
31:44 Conscription
ShikamaruNara
5:16 Loom
7:39 Feudal Age
11:33 Castle Age
9:23 Horse Collar
9:49 Double-Bit Axe
18:47 Imperial Age
16:58 Fletching
20:37 Chemistry
21:32 Padded Archer Armor
22:06 Bodkin Arrow
24:14 Ballistics
25:49 Leather Archer Armor
26:23 Bracer
28:41 Ring Archer Armor
30:44 Elite Genoese Crossbowman
Dadagama
6:53 Feudal Age
7:27 Double-Bit Axe
7:25 Horse Collar
9:29 Wheelbarrow
9:18 Loom
12:54 Castle Age
13:14 Fletching
13:38 Scale Barding Armor
15:50 Bodkin Arrow
20:07 Bow Saw
20:14 Elite Skirmisher
21:19 Padded Archer Armor
21:49 Thumb Ring
25:01 Heavy Plow
28:08 Imperial Age
26:23 Chain Barding Armor
26:56 Ballistics
27:38 Hand Cart
27:19 Gold Mining
27:20 Stone Mining
27:22 Town Watch
27:50 Forging
29:20 Iron Casting
29:52 Chemistry
29:54 Bracer
31:12 Conscription
[JaMx] McLovin
8:07 Feudal Age
11:36 Castle Age
9:40 Double-Bit Axe
10:12 Loom
12:17 Bow Saw
18:37 Fervor
18:32 Horse Collar
22:16 Wheelbarrow
21:56 Heavy Plow
26:22 Imperial Age
24:17 Husbandry
25:21 Forging
25:56 Stone Mining
27:00 Conscription
26:57 Hand Cart
28:36 Scale Barding Armor
29:07 Iron Casting
29:41 Iron Casting
30:03 Bloodlines
29:15 Cavalier
30:38 Chain Barding Armor
30:12 Fletching
31:23 Blast Furnace
30:20 Savar
[JaMx] K@l-El
7:54 Feudal Age
11:57 Castle Age
10:18 Double-Bit Axe
10:15 Horse Collar
12:55 Bow Saw
17:49 Loom
17:55 Town Watch
18:48 Wheelbarrow
18:48 Town Watch
24:39 Scale Mail Armor
24:50 Forging
27:52 Imperial Age
26:52 Iron Casting
25:40 Pikeman
27:10 Chain Mail Armor
27:29 Hand Cart
27:29 Squires
28:32 Heavy Plow
29:39 Blast Furnace
29:10 Plate Mail Armor
28:19 Halberdier
30:24 Druzhina
30:35 Man-at-Arms
Ananda
9:20 Feudal Age
13:20 Castle Age
12:37 Double-Bit Axe
12:38 Horse Collar
16:13 Fletching
18:16 Bow Saw
18:13 Loom
21:34 Heavy Plow
22:33 Wheelbarrow
26:22 Imperial Age
24:20 Ballistics
25:02 Bodkin Arrow
24:57 Treadmill Crane
25:46 Forging
26:20 Pikeman
27:01 Squires
26:47 Gambesons
27:04 Gold Mining
27:04 Stone Mining
27:06 Halberdier
27:48 Scale Mail Armor
28:56 Iron Casting
28:48 Conscription
28:43 Siege Engineers
29:05 Chain Mail Armor
31:38 Yeomen
|FMG| Donde Estan Mis 5 Pizzas
1:28 Loom
7:53 Feudal Age
11:38 Castle Age
9:26 Double-Bit Axe
10:16 Horse Collar
12:40 Bow Saw
13:14 Wheelbarrow
12:48 Loom
16:14 Crossbowman
17:37 Fletching
19:05 Bodkin Arrow
19:47 Town Watch
20:31 Padded Archer Armor
23:57 Imperial Age
22:17 Ballistics
22:34 Gold Mining
23:17 Leather Archer Armor
23:12 Elite Skirmisher
24:31 Caravan
24:07 Arbalester
25:26 Bracer
26:17 Ring Archer Armor
28:23 Chemistry
31:02 Heavy Plow
Connection lost

Rejoining the realm…

Still unreachable

The connection could not be restored.

Session expired

The server has moved on; the page needs a fresh start.